 Dungeon Crawl Stone Soup version 0.18-a0-1024-gf1736fb (webtiles) character file.

314 Trivium the Skirmisher (level 6, -10/60 HPs)
             Began as a Hill Orc Fighter on Jan 7, 2016.
             Was an Initiate of Okawaru.
             Mangled by an ogre
             ... wielding a +0 giant spiked club
              (24 damage)
             ... on level 4 of the Dungeon.
             The game lasted 00:06:45 (4347 turns).

Trivium the Skirmisher (Hill Orc Fighter)           Turns: 4347, Time: 00:06:46

Health: -10/60     AC: 10    Str: 21    XL:     6   Next: 43%
Magic:  6/6        EV:  6    Int:  8    God:    Okawaru [......]
Gold:   147        SH: 10    Dex: 14    Spells: 0 memorised, 5 levels left

rFire  . . .     SeeInvis +     a - +0 war axe
rCold  . . .     Gourm    .     q - +0 chain mail
rNeg   . . .     Faith    .     c - +0 shield
rPois  +         Spirit   .     (no helmet)
rElec  .         Dismiss  .     (no cloak)
rCorr  .         Reflect  .     j - +0 pair of gloves
SustAt .         Harm     .     (no boots)
MR     .....                    (no amulet)
Stlth  ..........               o - +4 ring of dexterity
                                m - ring of see invisible

@: starving, not resistant to hostile enchantments, extremely unstealthy
A: talons 1, poison resistance, robust 1
a: Renounce Religion


You were on level 4 of the Dungeon.
You worshipped Okawaru.
Okawaru was noncommittal.
You were starving.

You visited 1 branch of the dungeon, and saw 5 of its levels.
You also visited: Sewer.

You collected 147 gold pieces.

Inventory:

Hand Weapons
 a - a +0 war axe (weapon)
 u - a -3 hand axe
Armour
 b - a +0 scale mail
 c - a +0 shield (worn)
 j - a +0 pair of gloves (worn)
 l - a +0 leather armour
 q - a +0 chain mail (worn)
Jewellery
 k - an uncursed ring of sustain attributes {unknown}
 m - a ring of see invisible (left hand)
 o - a +4 ring of dexterity (right hand)
Scrolls
 e - 4 scrolls of teleportation
 g - a scroll of recharging {unknown}
Potions
 d - 2 potions of flight
 i - a potion of heal wounds
 n - 2 potions of invisibility
 p - 2 potions of cancellation {unknown}
Comestibles
 f - 5 bread rations
 h - 3 meat rations


   Skills:
 + Level 4.8 Fighting
 * Level 4.4 Axes
 + Level 3.9 Armour
 + Level 2.3 Dodging
 - Level 1.0 Stealth
 + Level 4.5 Shields


You had 5 spell levels left.
You didn't know any spells.

Dungeon Overview and Level Annotations

Branches:
Dungeon (5/15)
 Temple: D:4-7

Altars:
Nemelex Xobeh
Okawaru


Innate Abilities, Weirdness & Mutations

You have sharp toenails.
Your system is resistant to poisons.
You are robust (+10% HP).


Message History

You hit the ogre but do no damage. You claw the ogre, but do no damage.
The ogre is heavily wounded.
The ogre hits you with a giant spiked club!!
You hit the ogre.
The ogre is heavily wounded.
The ogre hits you with a giant spiked club!!
* * * LOW HITPOINT WARNING * * *
You slash the ogre! Your kick misses the ogre.
The ogre is almost dead.
You block the ogre's attack.
Your shield and chain mail prevent you from hitting the ogre.
You claw the ogre, but do no damage.
The ogre is almost dead.
You block the ogre's attack.
You barely miss the ogre.
The ogre is almost dead.
Your shield and chain mail prevent you from hitting the ogre.
The ogre is almost dead.
The ogre hits you with a giant spiked club!!
You die...

#.# #.# #.#
#># #.# # #.#
#.###.####
####........#
#...)..@.##.#
#.....O..# #
#.......?..
#.......###..
#.......# .#
#........ #
#.......#
##.######


You could see an ogre.

Vanquished Creatures
  A phantom (D:5)
  A crimson imp (D:5)
  An orc priest (D:3)
  An orc wizard (D:5)
  A hound zombie (D:5)
  A gnoll (D:1)
  3 adders (D:3)
  2 oozes (Sewer)
  4 giant geckos
  6 orcs
  5 giant cockroaches
  4 goblins
  8 hobgoblins
  4 jackals (Sewer)
  5 kobolds
  2 quokkas
  4 ball pythons
  6 bats
  3 giant newts
  A quokka skeleton (D:5)
  5 rats
68 creatures vanquished.

Notes
Turn   | Place    | Note
--------------------------------------------------------------
     0 | D:1      | Trivium the Hill Orc Fighter began the quest for the Orb.
     0 | D:1      | Reached XP level 1. HP: 19/19 MP: 1/1
   445 | D:1      | Reached XP level 2. HP: 22/27 MP: 2/2
   451 | D:1      | Reached skill level 4 in Fighting
   751 | D:1      | Reached XP level 3. HP: 28/33 MP: 3/3
  1846 | D:3      | Found a glowing drain.
  1856 | D:3      | Reached XP level 4. HP: 30/41 MP: 4/4
  1866 | Sewer    | Entered a sewer
  2475 | D:3      | Reached skill level 1 in Dodging
  2491 | D:3      | Reached XP level 5. HP: 16/47 MP: 5/5
  2713 | D:3      | Found a sparkling altar of Nemelex Xobeh.
  3118 | D:3      | You fall through a shaft for 2 floors!
  3118 | D:5      | Entered Level 5 of the Dungeon
  3461 | D:5      | Noticed a phantom
  3484 | D:5      | Gained mutation: You have sharp toenails. [potion of mutation]
  3484 | D:5      | Gained mutation: Your system is resistant to poisons. [potion of mutation]
  3484 | D:5      | Gained mutation: You are robust (+10% HP). [potion of mutation]
  3877 | D:5      | Found an iron altar of Okawaru.
  3934 | D:5      | Became a worshipper of Warmaster Okawaru
  4038 | D:5      | Killed a phantom
  4038 | D:5      | Reached XP level 6. HP: 38/60 MP: 6/6
  4224 | D:5      | Reached skill level 1 in Stealth
  4347 | D:4      | Mangled by an ogre

Vault maps used:
D:1:      roderic_dead_forest, minmay_misc_feat_room
D:2:      serial_bayou_lake_a
D:3:      overflow_temple_1_default, portal_sewer_entry_d, first_bread,
          corexii_shack
D:4:      minmay_temple_entry_overgrown
D:5:      marbit_many_paths, led_sif_pool
Sewer:    sewer_fruit_machine

Action                   |  1- 3 |  4- 6 || total
-------------------------+-------+-------++-------
Melee: War axe           |    90 |    50 ||   140
       Hand axe          |    21 |   253 ||   274
  Use: Scroll            |     4 |     3 ||     7
       Potion            |     1 |     8 ||     9
 Stab: Sleeping          |     1 |     1 ||     2
       Invisible         |       |     3 ||     3
  Eat: Chunk             |     1 |     2 ||     3
       Beef jerky        |     1 |       ||     1
       Bread ration      |       |     1 ||     1
       Pizza             |       |     1 ||     1
